 Dungeon Crawl Stone Soup version 0.32-a0-872-g59262bdc9b (webtiles) character file.

Game seed: 14675005789240632147

201 Biggs the Shooter (level 5, -1/38 HPs)
             Began as a Coglin Hunter on Mar 30, 2024.
             Succumbed to a gnoll sergeant's poison
             ... on level 4 of the Dungeon.
             The game lasted 00:02:49 (1942 turns).

Biggs the Shooter (Coglin Hunter)                   Turns: 1942, Time: 00:02:50

Health: -1/38      AC:  3    Str:  8 (11) XL:     5   Next: 79%
Magic:  5/5        EV: 10    Int:  7 (8)  God:
Gold:   119        SH:  0    Dex: 18 (20) Spells: 4/4 levels left

rFire   . . .        a - +2 sling {Seojun}
rCold   . . .        d - +0 sling {Chinhae}
rNeg    . . .        c - +0 leather armour
rPois   .            (no helmet)
rElec   .            (no cloak)
rCorr   .            (no gloves)
SInv    .            (no boots)
Will    .....        (amulet unavailable)
Stlth   ++           (ring unavailable)
HPRegen 0.26/turn    (ring unavailable)
MPRegen 0.09/turn    (no gizmo)

%: no passive effects
@: lethally poisoned (-1 -> -27), attractive, revved
A: off-hand wielding, slow wielding, warmup strikes, no jewellery
a: Invent Gizmo


You were on level 4 of the Dungeon.
You visited 1 branch of the dungeon, and saw 4 of its levels.

You collected 119 gold pieces.

Inventory:

Hand Weapons
 a - a +2 sling (weapon) {Seojun}
 d - a +0 sling (offhand) {Chinhae}
Missiles
 e - a throwing net
Armour
 c - a +0 leather armour (worn)
Wands
 i - a wand of flame (13)
Scrolls
 b - a scroll of butterflies
 f - a scroll of poison {unknown}
 g - 3 scrolls of identify {unknown}
 h - a scroll of enchant armour {unknown}
 l - a scroll of amnesia {unknown}
 m - a scroll of torment {unknown}
 n - a scroll of noise {unknown}
 o - a scroll of enchant weapon {unknown}
 p - a scroll of brand weapon {unknown}
 q - a scroll of silence {unknown}
 r - a scroll of acquirement {unknown}


   Skills:
 - Level 2.0 Fighting
 + Level 6.2 Ranged Weapons
 - Level 1.7 Dodging
 - Level 0.7 Stealth


You had 4 spell levels left.
You didn't know any spells.
Your spell library was empty.

Dungeon Overview and Level Annotations

Branches:
Dungeon (3/15)

Altars:
Elyvilon


Innate Abilities, Weirdness & Mutations

You can wield a second weapon in your off-hand.
It takes a long time for you to wield or remove held weapons.
Your first few attacks do less damage.
You cannot equip rings or amulets.


Message History

Fire: a) +2 sling {Seojun}
Press: ? - help, Q - select action, (/) - cycle Shift-Dir - straight line, f - gnoll
Aim: a gnoll, wielding a +0 halberd (69% to hit)
You shoot a sling bullet.
The sling bullet barely misses the gnoll.
The sling bullet hits the gnoll.
The gnoll is lightly wounded.
You shoot a sling bullet.
The sling bullet hits the gnoll but does no damage.
The gnoll is lightly wounded.
You feel sick. The gnoll closely misses you.
Fire: a) +2 sling {Seojun}
Press: ? - help, Q - select action, (/) - cycle Shift-Dir - straight line, f - gnoll sergeant
Aim: a gnoll sergeant, wielding a +1 spear of venom and wearing a +0 scale mail (moderately wounded, 72% to hit)
You shoot a sling bullet.
The sling bullet hits the gnoll but does no damage.
The gnoll is lightly wounded.
You shoot a sling bullet. The sling bullet hits the gnoll.
The gnoll is moderately wounded.
You feel sick.
You are no longer poisoned.
The gnoll hits you with a +0 flail.
The gnoll sergeant hits you from afar with a +1 spear of venom!
You are lethally poisoned!
The gnoll closely misses you.
Unknown command.
It was a potion of degeneration.
There was something very wrong with that liquid.
You feel weakened.
You feel dopey.
You feel clumsy.
* * * LOW HITPOINT WARNING * * *
You feel very sick.
The gnoll sergeant hits you from afar with a +1 spear of venom.
* * * LOW HITPOINT WARNING * * *
You are more poisoned.
The gnoll hits you with a +0 flail.
* * * LOW HITPOINT WARNING * * *
It was a potion of attraction.
You feel attractive to monsters.
You die...

.... ...P. #...).
#...)..
###..)...#
#..g.....#
##g.S......
###.g####.#.#
##....@##..#
#..†......#
#..........#
##.........#
#...........
####......#.....
##.........#.....
#..........#.....
###........#....


You could see a gnoll sergeant and a gnoll.

Vanquished Creatures
  A bombardier beetle (D:4)
  A jelly (D:4)
  4 adders
  3 gnolls (D:4)
  3 dart slugs
  A ribbon worm (D:2)
  4 orcs (D:3)
  6 endoplasms
  5 giant cockroaches
  6 goblins
  4 hobgoblins
  2 jackals (D:3)
  4 quokkas
  6 ball pythons
  2 bats (D:2)
  2 frilled lizards
  8 kobolds
  5 rats
67 creatures vanquished.

Notes
Turn   | Place    | Note
-------+----------+-------------------------------------------
     0 | D:1      | Biggs the Coglin Hunter began the quest for the Orb.
     0 | D:1      | Reached XP level 1. HP: 16/16 MP: 1/1
    53 | D:1      | Reached skill level 4 in Ranged Weapons
    53 | D:1      | Reached XP level 2. HP: 22/22 MP: 2/2
   441 | D:1      | Reached XP level 3. HP: 27/27 MP: 3/3
   869 | D:2      | Identified the +6 trident "Juing" {holy, Fly Will+ Int+3}
  1008 | D:2      | Reached skill level 5 in Ranged Weapons
  1008 | D:2      | Reached XP level 4. HP: 33/33 MP: 4/4
  1585 | D:3      | Found a white marble altar of Elyvilon.
  1768 | D:3      | You fall into a shaft and drop 1 floor!
  1812 | D:4      | Reached XP level 5. HP: 26/38 MP: 5/5
  1894 | D:4      | Reached skill level 6 in Ranged Weapons
  1942 | D:4      | Succumbed to a gnoll sergeant's poison

Illustrated notes

Levels and vault maps discovered:
D:1:      sevenhm_arrival_forest_fort_small_5, layout_basic,
          amcnicky_mini_corridor_feature
D:2:      layout_loops_corners
D:3:      layout_loops_ring, mainiacjoe_overflow_tiny_flanked,
          minmay_statues_item
D:4:      layout_cave_pools, nicolae_grassy_gnolls, uniq_ijyb

Skill      XL: |  1  2  3  4  5 |
---------------+----------------+-----
Ranged Weapons | 4 5 6 |  6.2
Fighting       | |  2.0
Dodging        | |  1.7
Stealth        | |  0.7

Action                     |  1- 3 |  4- 6 || total
---------------------------+-------+-------++-------
   Fire: Sling             |   124 |   168 ||   292
    Use: Potion            |       |     2 ||     2
 Armour: Leather armour    |     6 |     9 ||    15
  Dodge: Dodged            |     5 |    15 ||    20

Table legend: (Time is in decaauts)
 A = Elapsed time spent in this place.
 B = Non-inter-level travel time spent in this place.
 C = Inter-level travel time spent in this place.
 D = Time resting spent in this place.
 E = Time spent auto-exploring this place.
 F = Levels seen in this place.
 G = Mean time per level.
                   A        B        C        D        E       F      G
               +--------+--------+--------+--------+--------+-----+--------+
         Total |   1977 |   1916 |     61 |      0 |   1638 |   4 |  494.2 |
       Dungeon |   1977 |   1916 |     61 |      0 |   1638 |   4 |  494.2 |
               +--------+--------+--------+--------+--------+-----+--------+

Top non-repeatable levels by time:
     D:2: 790 daAuts
     D:1: 620 daAuts
     D:3: 387 daAuts
     D:4: 178 daAuts
